 Dungeon Crawl Stone Soup version 0.29-a0-243-g602b31c20e (webtiles) character file.

Game seed: 6839703303122168539

2 siradein the Grave Robber (level 1, -1/14 HPs)
             Began as a Draconian Necromancer on Mar 5, 2022.
             Slain by a kobold
             ... wielding a +0 dagger
              (3 damage)
             ... on level 1 of the Dungeon.
             The game lasted 00:00:25 (65 turns).

siradein the Grave Robber (Draconian Necromancer)     Turns: 65, Time: 00:00:25

Health: -1/14      AC:  4    Str: 10    XL:     1   Next: 25%
Magic:  0/3        EV: 12    Int: 15    God:
Gold:   14         SH:  0    Dex: 11    Spells: 3/4 levels left

rFire   . . .      SeeInvis .   (no weapon)
rCold   . . .      Faith    .   (no shield)
rNeg    . . .      Spirit   .   (body armour unavailable)
rPois   .          Reflect  .   (helmet restricted)
rElec   .          Harm     .   (no cloak)
rCorr   .          Rampage  .   (no gloves)
Will    .....                   (no boots)
Stlth   ++........              (no amulet)
HPRegen 0.04/turn               (no ring)
MPRegen 0.08/turn               (no ring)

@: no status effects
A: AC +4, unfitting armour, cold-blooded
a: no special abilities


You were on level 1 of the Dungeon.
You visited 1 branch of the dungeon, and saw 1 of its levels.

You collected 14 gold pieces.

Inventory:

Scrolls
 a - a scroll of identify {unknown}


   Skills:
 - Level 1.7 Dodging
 - Level 1.7 Stealth
 + Level 2.0 Spellcasting
 + Level 4.0 Necromancy


You had 3 spell levels left.
You knew the following spells:

 Your Spells              Type           Power      Damage    Failure   Level
a - Pain                  Necr           52%        1d6       4%          1

Your spell library contained the following spells:

 Spells                   Type           Power      Damage    Failure   Level
 Animate Skeleton         Necr           26%        N/A       4%          1
 Vampiric Draining        Necr           13%        2d6       13%         3
 Animate Dead             Necr           6%         N/A       38%         4
 Agony                    Necr           13%        N/A       75%         5


Dungeon Overview and Level Annotations

Branches:
Dungeon (1/15)

Altars:


Innate Abilities, Weirdness & Mutations

Your plain brown scales are hard. (AC +4)
You cannot fit into any form of body armour.
You are cold-blooded and may be slowed by cold attacks.


Message History

The quokka bites you.
Your magical contamination has completely faded away.
You are too injured to fight recklessly!
You are too injured to fight recklessly!
The bat hits you. The bat hits you but does no damage.
The bat closely misses you.
You see here an inky potion.
The bat hits you but does no damage.
Casting: Pain (safe; 4% risk of failure)
Confirm with . or Enter, or press ? or * to list all spells.
Aiming: Pain (safe; 4% risk of failure)
Press: ? - help, Shift-Dir - straight line, f/p - quokka
Aim: a quokka (severely wounded, chance to affect: 83%)
The bat barely resists.
The bat barely misses you. The bat hits you but does no damage.
The bat closely misses you. The bat closely misses you. The bat hits you.
* * * LOW HITPOINT WARNING * * *
The bat barely misses you. The bat hits you.
* * * LOW HITPOINT WARNING * * *
The bat hits you but does no damage. x2
The bat closely misses you. The bat hits you but does no damage.
You hit the bat.
The bat is severely wounded.
The bat barely misses you. The bat closely misses you.
You hit the bat.
You kill the bat!
Casting: Pain (safe; 4% risk of failure)
Confirm with . or Enter, or press ? or * to list all spells.
Aiming: Pain (safe; 4% risk of failure)
Press: ? - help, Shift-Dir - straight line, f/p - quokka
Aim: a quokka (severely wounded, chance to affect: 83%)
The kobold writhes in agony.
The kobold hits you but does no damage.
You closely miss the kobold.
The kobold is moderately wounded.
The kobold hits you with a +0 dagger.
You die...

######.#.#####....
#!#.# ### #.#.# #.#..
# #.### ###.
..#####K# ...
........# ####.####
....###.###.......###
(. #rK@....⌠......
####..⌠...⌠..#
##.......# ##..⌠..##
##...## ####...####
#######....<....#
#..................
#..⌠....⌠.....⌠(...


You could see a quokka and a kobold.

Vanquished Creatures
  A bat (D:1)
  2 frilled lizards (D:1)
3 creatures vanquished.

Notes
Turn   | Place    | Note
-------+----------+-------------------------------------------
     0 | D:1      | siradein the Draconian Necromancer began the quest for the
                  | Orb.
     0 | D:1      | Reached XP level 1. HP: 14/14 MP: 3/3
    65 | D:1      | Slain by a kobold

Illustrated notes

Levels and vault maps discovered:
D:1:      dpeg_arrival_leaves_temple_mockup, layout_basic,
          minmay_misc_feat_room, minmay_door_square,
          chequers_serial_rivers_micro_d, minivault_11, minmay_split_cup_large

Action                   || total
-------------------------++-------
Melee: Unarmed           ||     6
       Tailslap          ||     1
 Cast: Pain              ||     4
Armor: Skin              ||     9
Dodge: Dodged            ||     9

Table legend: (Time is in decaauts)
 A = Elapsed time spent in this place.
 B = Non-inter-level travel time spent in this place.
 C = Inter-level travel time spent in this place.
 D = Time resting spent in this place.
 E = Time spent auto-exploring this place.
 F = Levels seen in this place.
 G = Mean time per level.
                   A        B        C        D        E       F      G
               +--------+--------+--------+--------+--------+-----+--------+
         Total |     65 |     65 |      0 |      0 |     31 |   1 |   65.0 |
       Dungeon |     65 |     65 |      0 |      0 |     31 |   1 |   65.0 |
               +--------+--------+--------+--------+--------+-----+--------+

Top non-repeatable levels by time:
     D:1: 65 daAuts
